2951 views
Uploaded 2020-03-17 21:43:02
Game version 1.32.2
27:37 long 4on4 ladder game on (8)GoldRush
Saved by BEARAND
2951 views
Uploaded 2020-03-17 21:43:02
Game version 1.32.2
27:37 long 4on4 ladder game on (8)GoldRush


110 units @ 12.9k
/ 1.1k
196 buildings @ 14.1k
/ 6.3k



| Rod of Necromancy | 1 | 150 |
| Sacrificial Skull | 1 | 50 |
| Potion of Healing | 1 | 150 |
| Orb of Corruption | 3 | 1125 |
| Boots of Speed | 3 | 750 |
| Staff of Teleportation | 3 | 450 |
| Circlet of Nobility | 3 | 525 |
| Periapt of Vitality | 2 | 650 |
| Staff of Sanctuary | 2 | 500 |
| total: | 19 | 4350g |
| Acolyte | 8 | 600 | / | 0 |
| Ghoul | 15 | 1800 | / | 0 |
| Obsidian Statue | 2 | 400 | / | 70 |
| Gargoyle | 5 | 875 | / | 150 |
| total: | 30 | 3675g | / | 220w |
| Nerubian Tower | 1 | 100 | / | 20 |
| Spirit Tower | 3 | 435 | / | 120 |
| Crypt | 1 | 200 | / | 50 |
| Altar of Darkness | 1 | 180 | / | 50 |
| Ziggurat | 11 | 1650 | / | 550 |
| Tomb of Relics | 1 | 130 | / | 30 |
| Graveyard | 1 | 215 | / | 0 |
| Necropolis | 1 | 225 | / | 0 |
| Slaughterhouse | 1 | 140 | / | 135 |
| Halls of the Dead | 1 | 320 | / | 210 |
| Black Citadel | 1 | 325 | / | 230 |
| total: | 17 | 2740g | / | 815w |
| 0:04 | Acolyte |
| 0:08 | Crypt |
| 0:11 | Altar of Darkness |
| 0:21 | Acolyte |
| 0:29 | Ziggurat |
| 0:52 | Tomb of Relics |
| 1:09 | Ghoul |
| 1:22 | Ghoul |
| 1:32 | Ziggurat |
| 1:36 | Ghoul |
| 1:45 | Nerubian Tower |
| 1:58 | Ghoul |
| 2:18 | Rod of Necromancy |
| 2:20 | Sacrificial Skull |
| 2:25 | Death Coil |
| 2:30 | Ghoul |
| 3:38 | Ghoul |
| 3:38 | Ghoul |
| 3:38 | Ghoul |
| 4:18 | Ghoul |
| 4:36 | Ghoul |
| 5:03 | Halls of the Dead |
| 5:44 | Unholy Aura |
| 5:46 | Ghoul |
| 6:56 | Graveyard |
| 7:58 | Potion of Healing |
| 8:44 | Black Citadel |
| 9:04 | Frost Nova |
| 9:20 | Ghoul |
| 9:47 | Spirit Tower |
| 9:49 | Ziggurat |
| 10:17 | Death Coil |
| 10:26 | Slaughterhouse |
| 10:35 | Necropolis |
| 11:09 | Boots of Speed |
| 11:10 | Staff of Teleportation |
| 11:14 | Circlet of Nobility |
| 12:04 | Acolyte |
| 12:04 | Acolyte |
| 12:04 | Acolyte |
| 12:05 | Acolyte |
| 12:08 | Obsidian Statue |
| 12:29 | Acolyte |
| 12:29 | Acolyte |
| 12:43 | Boots of Speed |
| 12:54 | Orb of Corruption |
| 13:19 | Carrion Swarm |
| 13:21 | Obsidian Statue |
| 14:17 | Frost Armor |
| 15:15 | Spirit Tower |
| 15:19 | Ziggurat |
| 15:20 | Ziggurat |
| 15:21 | Ziggurat |
| 15:21 | Ziggurat |
| 15:22 | Ziggurat |
| 15:22 | Ziggurat |
| 15:23 | Ziggurat |
| 15:24 | Ziggurat |
| 15:39 | Periapt of Vitality |
| 15:40 | Circlet of Nobility |
| 15:40 | Staff of Teleportation |
| 15:43 | Boots of Speed |
| 16:42 | Sleep |
| 18:00 | Spirit Tower |
| 18:05 | Staff of Teleportation |
| 18:07 | Periapt of Vitality |
| 18:08 | Circlet of Nobility |
| 18:48 | Staff of Sanctuary |
| 19:40 | Orb of Corruption |
| 20:06 | Frost Nova |
| 20:36 | Unholy Aura |
| 21:43 | Carrion Swarm |
| 22:52 | Orb of Corruption |
| 23:13 | Staff of Sanctuary |
| 23:58 | Frost Armor |
| 25:08 | Ghoul Frenzy |
| 25:10 | Unholy Strength |
| 25:10 | Unholy Armor |
| 25:12 | Death Coil |
| 26:30 | Sleep |
| 26:56 | Improved Unholy Strength |
| 27:13 | Improved Unholy Armor |
| 27:18 | Ghoul |
| 27:18 | Ghoul |
| 27:18 | Ghoul |
| 27:22 | Gargoyle |
| 27:22 | Gargoyle |
| 27:22 | Gargoyle |
| 27:22 | Gargoyle |
| 27:23 | Gargoyle |
| Select group | 2994 |
| Right click | 2771 |
| Chat | 293 |
| Select | 278 |
| Use ability | 106 |
| Build/train/purchase | 93 |
| Resource trade | 49 |
| Misc. action | 30 |
| Assign group | 21 |
| Esc | 6 |
| Minimap ping | 6 |
| Item give/drop | 1 |


| Scroll of Regeneration | 5 | 500 |
| Lesser Clarity Potion | 1 | 70 |
| Potion of Healing | 2 | 300 |
| Staff of Sanctuary | 1 | 250 |
| total: | 9 | 1120g |
| Peasant | 19 | 1425 | / | 0 |
| Gryphon Rider | 4 | 1120 | / | 280 |
| Priest | 1 | 135 | / | 10 |
| total: | 24 | 2680g | / | 290w |
| Scout Tower | 97 | 2910 | / | 1940 |
| Arcane Tower | 9 | 630 | / | 450 |
| Guard Tower | 53 | 3710 | / | 2650 |
| Altar of Kings | 1 | 180 | / | 50 |
| Farm | 5 | 400 | / | 100 |
| Lumber Mill | 3 | 360 | / | 0 |
| Arcane Vault | 2 | 260 | / | 60 |
| Town Hall | 2 | 770 | / | 410 |
| Blacksmith | 1 | 140 | / | 60 |
| Barracks | 2 | 320 | / | 120 |
| Gryphon Aviary | 1 | 140 | / | 150 |
| Arcane Sanctum | 1 | 150 | / | 140 |
| Keep | 1 | 320 | / | 210 |
| Castle | 1 | 360 | / | 210 |
| total: | 115 | 5630g | / | 3030w |
| 0:02 | Peasant |
| 0:02 | Peasant |
| 0:07 | Altar of Kings |
| 0:19 | Farm |
| 0:24 | Peasant |
| 1:01 | Lumber Mill |
| 1:04 | Peasant |
| 1:20 | Scout Tower |
| 1:21 | Scout Tower |
| 1:24 | Peasant |
| 1:33 | Peasant |
| 1:39 | Summon Water Elemental |
| 1:44 | Farm |
| 1:45 | Peasant |
| 1:51 | Arcane Tower |
| 2:07 | Scout Tower |
| 2:18 | Peasant |
| 2:19 | Peasant |
| 2:19 | Peasant |
| 2:30 | Guard Tower |
| 2:32 | Scout Tower |
| 2:37 | Improved Masonry |
| 2:43 | Scout Tower |
| 2:49 | Guard Tower |
| 2:57 | Scout Tower |
| 2:59 | Guard Tower |
| 3:01 | Scout Tower |
| 3:12 | Arcane Tower |
| 3:13 | Scout Tower |
| 3:20 | Scout Tower |
| 3:21 | Scout Tower |
| 3:28 | Guard Tower |
| 3:38 | Guard Tower |
| 3:41 | Guard Tower |
| 3:57 | Guard Tower |
| 4:26 | Scout Tower |
| 4:38 | Guard Tower |
| 4:39 | Scout Tower |
| 4:40 | Scout Tower |
| 5:00 | Guard Tower |
| 5:02 | Scout Tower |
| 5:04 | Scout Tower |
| 5:05 | Scout Tower |
| 5:05 | Guard Tower |
| 5:07 | Keep |
| 5:24 | Scout Tower |
| 5:29 | Scout Tower |
| 5:29 | Scout Tower |
| 5:33 | Guard Tower |
| 5:43 | Scout Tower |
| 5:43 | Scout Tower |
| 5:52 | Scout Tower |
| 6:03 | Guard Tower |
| 6:06 | Farm |
| 6:06 | Farm |
| 6:13 | Arcane Vault |
| 6:23 | Brilliance Aura |
| 6:24 | Guard Tower |
| 6:57 | Scout Tower |
| 6:58 | Scout Tower |
| 7:38 | Peasant |
| 7:38 | Peasant |
| 7:39 | Peasant |
| 7:39 | Peasant |
| 7:48 | Scroll of Regeneration |
| 8:05 | Scout Tower |
| 8:06 | Scout Tower |
| 8:06 | Scout Tower |
| 8:27 | Guard Tower |
| 8:32 | Storm Bolt |
| 8:34 | Guard Tower |
| 9:03 | Guard Tower |
| 9:09 | Scroll of Regeneration |
| 9:09 | Lesser Clarity Potion |
| 9:15 | Scout Tower |
| 9:17 | Guard Tower |
| 9:21 | Scout Tower |
| 9:22 | Scout Tower |
| 9:45 | Guard Tower |
| 9:47 | Scout Tower |
| 9:48 | Scout Tower |
| 9:48 | Scout Tower |
| 9:55 | Potion of Healing |
| 10:00 | Guard Tower |
| 10:02 | Peasant |
| 10:02 | Peasant |
| 10:13 | Advanced Masonry |
| 10:24 | Guard Tower |
| 10:35 | Guard Tower |
| 10:51 | Guard Tower |
| 11:11 | Potion of Healing |
| 11:20 | Guard Tower |
| 11:46 | Castle |
| 11:46 | Guard Tower |
| 12:05 | Scout Tower |
| 12:06 | Scout Tower |
| 12:07 | Scout Tower |
| 12:07 | Scout Tower |
| 12:27 | Gryphon Aviary |
| 12:29 | Farm |
| 12:44 | Guard Tower |
| 12:44 | Guard Tower |
| 13:00 | Scroll of Regeneration |
| 13:05 | Guard Tower |
| 13:09 | Summon Water Elemental |
| 13:16 | Guard Tower |
| 13:43 | Town Hall |
| 13:45 | Scout Tower |
| 13:45 | Scout Tower |
| 14:22 | Scout Tower |
| 14:23 | Scout Tower |
| 14:35 | Staff of Sanctuary |
| 14:42 | Scout Tower |
| 14:42 | Scout Tower |
| 14:51 | Guard Tower |
| 15:00 | Scroll of Regeneration |
| 15:11 | Scout Tower |
| 15:12 | Scout Tower |
| 15:14 | Scout Tower |
| 15:14 | Scout Tower |
| 15:15 | Guard Tower |
| 15:17 | Scout Tower |
| 15:26 | Arcane Tower |
| 15:27 | Guard Tower |
| 15:37 | Guard Tower |
| 15:39 | Gryphon Rider |
| 15:42 | Imbued Masonry |
| 15:47 | Guard Tower |
| 15:47 | Guard Tower |
| 15:50 | Scout Tower |
| 15:56 | Scout Tower |
| 15:59 | Scout Tower |
| 16:16 | Gryphon Rider |
| 16:20 | Improved Lumber Harvesting |
| 16:22 | Peasant |
| 16:22 | Peasant |
| 16:23 | Peasant |
| 16:26 | Bash |
| 16:34 | Guard Tower |
| 16:36 | Guard Tower |
| 16:47 | Lumber Mill |
| 16:51 | Lumber Mill |
| 16:58 | Gryphon Rider |
| 17:13 | Scout Tower |
| 17:14 | Scout Tower |
| 17:24 | Town Hall |
| 17:30 | Guard Tower |
| 17:46 | Guard Tower |
| 17:46 | Guard Tower |
| 17:51 | Blacksmith |
| 18:00 | Storm Hammers |
| 18:02 | Gryphon Rider |
| 18:04 | Barracks |
| 18:11 | Guard Tower |
| 18:14 | Scout Tower |
| 18:39 | Arcane Vault |
| 18:55 | Barracks |
| 19:20 | Iron Forged Swords |
| 19:26 | Scout Tower |
| 19:26 | Scout Tower |
| 19:26 | Scout Tower |
| 19:27 | Scout Tower |
| 21:02 | Steel Forged Swords |
| 21:06 | Arcane Sanctum |
| 21:26 | Storm Bolt |
| 22:21 | Brilliance Aura |
| 22:36 | Mithril Forged Swords |
| 22:37 | Studded Leather Armor |
| 22:41 | Magic Sentry |
| 22:41 | Priest |
| 22:43 | Guard Tower |
| 23:06 | Scout Tower |
| 23:06 | Scout Tower |
| 23:06 | Scout Tower |
| 23:07 | Scout Tower |
| 23:07 | Scout Tower |
| 23:07 | Scout Tower |
| 23:08 | Scout Tower |
| 23:08 | Scout Tower |
| 23:09 | Scout Tower |
| 23:09 | Scout Tower |
| 23:10 | Scout Tower |
| 23:10 | Scout Tower |
| 23:11 | Scout Tower |
| 23:11 | Scout Tower |
| 23:11 | Scout Tower |
| 23:11 | Scout Tower |
| 23:17 | Cloud |
| 23:35 | Scroll of Regeneration |
| 23:38 | Guard Tower |
| 24:48 | Arcane Tower |
| 25:10 | Scout Tower |
| 25:11 | Scout Tower |
| 25:11 | Scout Tower |
| 25:11 | Scout Tower |
| 25:11 | Scout Tower |
| 25:12 | Scout Tower |
| 25:12 | Scout Tower |
| 25:13 | Arcane Tower |
| 25:14 | Scout Tower |
| 25:14 | Scout Tower |
| 25:14 | Scout Tower |
| 25:15 | Scout Tower |
| 25:15 | Scout Tower |
| 25:17 | Scout Tower |
| 25:18 | Scout Tower |
| 25:18 | Scout Tower |
| 25:18 | Scout Tower |
| 25:20 | Scout Tower |
| 25:20 | Scout Tower |
| 25:20 | Scout Tower |
| 25:20 | Scout Tower |
| 25:20 | Scout Tower |
| 25:20 | Scout Tower |
| 25:20 | Scout Tower |
| 25:21 | Arcane Tower |
| 26:05 | Arcane Tower |
| 26:41 | Arcane Tower |
| Right click | 3156 |
| Select group | 964 |
| Select | 751 |
| Build/train/purchase | 212 |
| Chat | 180 |
| Assign group | 40 |
| Use ability | 20 |
| Minimap ping | 17 |
| Misc. action | 9 |
| Resource trade | 8 |
| Item give/drop | 3 |


| Scroll of Regeneration | 4 | 400 |
| Lesser Clarity Potion | 5 | 350 |
| Potion of Mana | 2 | 400 |
| Potion of Healing | 2 | 300 |
| total: | 13 | 1450g |
| Peasant | 22 | 1650 | / | 0 |
| Gryphon Rider | 8 | 2240 | / | 560 |
| total: | 30 | 3890g | / | 560w |
| Scout Tower | 32 | 960 | / | 640 |
| Arcane Tower | 7 | 490 | / | 350 |
| Guard Tower | 28 | 1960 | / | 1400 |
| Altar of Kings | 1 | 180 | / | 50 |
| Lumber Mill | 1 | 120 | / | 0 |
| Farm | 5 | 400 | / | 100 |
| Arcane Vault | 2 | 260 | / | 60 |
| Blacksmith | 1 | 140 | / | 60 |
| Barracks | 1 | 160 | / | 60 |
| Town Hall | 1 | 385 | / | 205 |
| Gryphon Aviary | 2 | 280 | / | 300 |
| Keep | 1 | 320 | / | 210 |
| Castle | 1 | 360 | / | 210 |
| total: | 46 | 2885g | / | 1475w |
| 0:01 | Peasant |
| 0:03 | Altar of Kings |
| 0:04 | Peasant |
| 0:17 | Lumber Mill |
| 0:20 | Peasant |
| 0:30 | Farm |
| 0:40 | Peasant |
| 0:51 | Peasant |
| 1:02 | Peasant |
| 1:08 | Farm |
| 1:13 | Peasant |
| 1:32 | Scout Tower |
| 1:33 | Peasant |
| 1:47 | Scout Tower |
| 1:50 | Improved Masonry |
| 1:52 | Peasant |
| 1:58 | Arcane Tower |
| 2:01 | Scout Tower |
| 2:04 | Summon Water Elemental |
| 2:10 | Peasant |
| 2:15 | Arcane Tower |
| 2:18 | Peasant |
| 2:25 | Scout Tower |
| 2:32 | Guard Tower |
| 2:54 | Guard Tower |
| 2:56 | Scout Tower |
| 3:10 | Peasant |
| 3:10 | Peasant |
| 3:18 | Peasant |
| 3:24 | Scout Tower |
| 3:36 | Peasant |
| 3:43 | Scout Tower |
| 3:50 | Guard Tower |
| 3:52 | Scout Tower |
| 3:56 | Arcane Vault |
| 4:11 | Guard Tower |
| 4:12 | Scout Tower |
| 4:23 | Keep |
| 4:42 | Guard Tower |
| 5:12 | Scroll of Regeneration |
| 5:17 | Lesser Clarity Potion |
| 5:25 | Scout Tower |
| 5:27 | Scout Tower |
| 5:29 | Scout Tower |
| 5:30 | Scout Tower |
| 5:32 | Scout Tower |
| 5:35 | Scout Tower |
| 5:36 | Scout Tower |
| 5:40 | Guard Tower |
| 5:55 | Arcane Tower |
| 5:56 | Guard Tower |
| 5:56 | Guard Tower |
| 6:00 | Scout Tower |
| 6:01 | Scout Tower |
| 6:03 | Scout Tower |
| 6:11 | Guard Tower |
| 6:12 | Guard Tower |
| 6:17 | Scout Tower |
| 6:18 | Scout Tower |
| 6:30 | Guard Tower |
| 6:33 | Guard Tower |
| 6:35 | Guard Tower |
| 6:36 | Guard Tower |
| 6:38 | Scout Tower |
| 6:39 | Scout Tower |
| 6:49 | Farm |
| 6:51 | Guard Tower |
| 7:09 | Guard Tower |
| 7:10 | Advanced Masonry |
| 7:25 | Scout Tower |
| 7:29 | Guard Tower |
| 7:37 | Arcane Vault |
| 7:44 | Guard Tower |
| 7:52 | Guard Tower |
| 7:54 | Scout Tower |
| 8:20 | Guard Tower |
| 8:27 | Arcane Tower |
| 8:30 | Storm Bolt |
| 9:04 | Scout Tower |
| 9:04 | Scout Tower |
| 9:15 | Peasant |
| 9:15 | Peasant |
| 9:16 | Peasant |
| 9:16 | Peasant |
| 9:25 | Scout Tower |
| 9:30 | Scroll of Regeneration |
| 9:32 | Lesser Clarity Potion |
| 9:34 | Lesser Clarity Potion |
| 9:35 | Arcane Tower |
| 9:59 | Scroll of Regeneration |
| 10:10 | Guard Tower |
| 10:13 | Peasant |
| 10:34 | Potion of Mana |
| 10:41 | Lesser Clarity Potion |
| 11:06 | Potion of Healing |
| 11:09 | Potion of Healing |
| 11:11 | Potion of Mana |
| 11:28 | Gryphon Aviary |
| 11:29 | Castle |
| 11:30 | Guard Tower |
| 11:31 | Blacksmith |
| 11:33 | Barracks |
| 11:44 | Scroll of Regeneration |
| 11:47 | Lesser Clarity Potion |
| 12:15 | Brilliance Aura |
| 12:50 | Iron Forged Swords |
| 12:52 | Studded Leather Armor |
| 12:56 | Bash |
| 13:14 | Scout Tower |
| 14:10 | Guard Tower |
| 14:11 | Farm |
| 14:53 | Farm |
| 14:54 | Gryphon Rider |
| 15:36 | Scout Tower |
| 15:37 | Gryphon Rider |
| 15:49 | Imbued Masonry |
| 16:22 | Town Hall |
| 16:37 | Gryphon Rider |
| 17:23 | Gryphon Rider |
| 17:26 | Steel Forged Swords |
| 17:51 | Gryphon Rider |
| 18:11 | Scout Tower |
| 18:12 | Reinforced Leather Armor |
| 18:15 | Peasant |
| 18:51 | Gryphon Rider |
| 18:57 | Gryphon Aviary |
| 18:59 | Peasant |
| 19:01 | Scout Tower |
| 19:37 | Storm Hammers |
| 19:51 | Guard Tower |
| 20:07 | Brilliance Aura |
| 20:15 | Gryphon Rider |
| 20:17 | Mithril Forged Swords |
| 20:18 | Gryphon Rider |
| 21:07 | Storm Bolt |
| 23:02 | Dragonhide Armor |
| 26:02 | Summon Water Elemental |
| Right click | 2001 |
| Select group | 702 |
| Select | 508 |
| Assign group | 498 |
| Chat | 386 |
| Build/train/purchase | 185 |
| Misc. action | 40 |
| Use ability | 24 |
| Resource trade | 4 |
| Item give/drop | 3 |
| Minimap ping | 2 |


| Rod of Necromancy | 1 | 150 |
| Sacrificial Skull | 1 | 50 |
| Lesser Clarity Potion | 1 | 70 |
| Orb of Corruption | 2 | 750 |
| Staff of Teleportation | 2 | 300 |
| Circlet of Nobility | 1 | 175 |
| Scroll of Regeneration | 1 | 100 |
| Staff of Sanctuary | 1 | 250 |
| total: | 10 | 1845g |
| Acolyte | 13 | 975 | / | 0 |
| Ghoul | 11 | 1320 | / | 0 |
| Obsidian Statue | 2 | 400 | / | 70 |
| total: | 26 | 2695g | / | 70w |
| Nerubian Tower | 2 | 200 | / | 40 |
| Spirit Tower | 4 | 580 | / | 160 |
| Crypt | 1 | 200 | / | 50 |
| Altar of Darkness | 1 | 180 | / | 50 |
| Ziggurat | 10 | 1500 | / | 500 |
| Tomb of Relics | 2 | 260 | / | 60 |
| Graveyard | 1 | 215 | / | 0 |
| Necropolis | 1 | 225 | / | 0 |
| Slaughterhouse | 1 | 140 | / | 135 |
| Sacrificial Pit | 1 | 75 | / | 150 |
| Halls of the Dead | 1 | 320 | / | 210 |
| Black Citadel | 1 | 325 | / | 230 |
| total: | 18 | 2795g | / | 945w |
| 0:01 | Acolyte |
| 0:04 | Crypt |
| 0:07 | Altar of Darkness |
| 0:17 | Ziggurat |
| 0:19 | Acolyte |
| 0:19 | Acolyte |
| 1:06 | Ghoul |
| 1:07 | Tomb of Relics |
| 1:14 | Ghoul |
| 1:20 | Ziggurat |
| 1:32 | Ghoul |
| 1:49 | Ghoul |
| 1:56 | Ghoul |
| 2:07 | Death Coil |
| 2:14 | Rod of Necromancy |
| 2:17 | Sacrificial Skull |
| 2:49 | Ghoul |
| 2:50 | Ghoul |
| 4:33 | Halls of the Dead |
| 4:33 | Ghoul |
| 4:33 | Ghoul |
| 5:55 | Unholy Aura |
| 6:01 | Ghoul |
| 6:01 | Ghoul |
| 7:08 | Staff of Teleportation |
| 7:09 | Circlet of Nobility |
| 7:17 | Scroll of Regeneration |
| 7:43 | Ziggurat |
| 7:43 | Ziggurat |
| 7:47 | Black Citadel |
| 7:55 | Lesser Clarity Potion |
| 8:03 | Graveyard |
| 9:19 | Nerubian Tower |
| 9:54 | Frost Nova |
| 10:07 | Tomb of Relics |
| 10:11 | Ghoul Frenzy |
| 10:14 | Slaughterhouse |
| 10:16 | Acolyte |
| 10:16 | Acolyte |
| 10:16 | Acolyte |
| 10:16 | Acolyte |
| 10:17 | Acolyte |
| 11:03 | Staff of Teleportation |
| 11:08 | Acolyte |
| 11:52 | Necropolis |
| 12:05 | Obsidian Statue |
| 12:05 | Obsidian Statue |
| 12:06 | Acolyte |
| 12:06 | Acolyte |
| 12:06 | Acolyte |
| 12:36 | Acolyte |
| 13:19 | Orb of Corruption |
| 13:24 | Orb of Corruption |
| 13:36 | Ziggurat |
| 13:36 | Ziggurat |
| 13:37 | Ziggurat |
| 13:38 | Ziggurat |
| 13:38 | Ziggurat |
| 13:39 | Ziggurat |
| 14:11 | Death Coil |
| 14:54 | Frost Armor |
| 15:32 | Spirit Tower |
| 15:33 | Nerubian Tower |
| 15:34 | Spirit Tower |
| 15:37 | Sacrificial Pit |
| 17:47 | Staff of Sanctuary |
| 20:37 | Frost Nova |
| 22:50 | Unholy Aura |
| 24:23 | Frost Armor |
| Right click | 1782 |
| Select | 826 |
| Select group | 780 |
| Assign group | 118 |
| Chat | 90 |
| Build/train/purchase | 87 |
| Misc. action | 84 |
| Use ability | 62 |
| Resource trade | 38 |
| Minimap ping | 9 |
| Remove unit | 2 |
| Item give/drop | 1 |
120 units @ 17.5k
/ 3.2k
64 buildings @ 9.8k
/ 3.6k



| Lesser Clarity Potion | 1 | 70 |
| Scroll of Regeneration | 1 | 100 |
| Potion of Healing | 1 | 150 |
| Scroll of Town Portal | 1 | 350 |
| total: | 4 | 670g |
| Peasant | 13 | 975 | / | 0 |
| Footman | 6 | 810 | / | 0 |
| Rifleman | 10 | 2050 | / | 300 |
| Mortar Team | 8 | 1440 | / | 560 |
| Siege Engine | 1 | 195 | / | 60 |
| total: | 38 | 5470g | / | 920w |
| Scout Tower | 3 | 90 | / | 60 |
| Arcane Tower | 1 | 70 | / | 50 |
| Guard Tower | 1 | 70 | / | 50 |
| Altar of Kings | 1 | 180 | / | 50 |
| Farm | 10 | 800 | / | 200 |
| Barracks | 2 | 320 | / | 120 |
| Blacksmith | 1 | 140 | / | 60 |
| Arcane Vault | 2 | 260 | / | 60 |
| Lumber Mill | 1 | 120 | / | 0 |
| Town Hall | 1 | 385 | / | 205 |
| Workshop | 2 | 280 | / | 280 |
| Keep | 1 | 320 | / | 210 |
| Castle | 1 | 360 | / | 210 |
| total: | 23 | 2575g | / | 1035w |
| 0:01 | Peasant |
| 0:01 | Peasant |
| 0:05 | Altar of Kings |
| 0:18 | Farm |
| 0:20 | Barracks |
| 0:26 | Peasant |
| 0:41 | Peasant |
| 0:47 | Peasant |
| 1:01 | Farm |
| 1:18 | Peasant |
| 1:24 | Footman |
| 1:30 | Farm |
| 1:39 | Peasant |
| 1:45 | Footman |
| 2:08 | Blacksmith |
| 2:13 | Footman |
| 2:18 | Summon Water Elemental |
| 2:22 | Peasant |
| 2:26 | Scout Tower |
| 3:01 | Footman |
| 3:03 | Arcane Tower |
| 3:05 | Peasant |
| 3:08 | Farm |
| 3:56 | Defend |
| 4:11 | Barracks |
| 4:34 | Footman |
| 5:13 | Footman |
| 5:16 | Keep |
| 5:18 | Arcane Vault |
| 5:40 | Brilliance Aura |
| 5:52 | Rifleman |
| 5:52 | Rifleman |
| 5:54 | Scout Tower |
| 5:56 | Lumber Mill |
| 6:00 | Rifleman |
| 7:23 | Rifleman |
| 7:25 | Arcane Vault |
| 7:30 | Farm |
| 7:49 | Long Rifles |
| 8:05 | Farm |
| 8:06 | Farm |
| 8:13 | Workshop |
| 8:14 | Rifleman |
| 8:47 | Workshop |
| 8:49 | Lesser Clarity Potion |
| 9:13 | Scroll of Regeneration |
| 9:15 | Potion of Healing |
| 9:21 | Mortar Team |
| 9:23 | Guard Tower |
| 9:49 | Mortar Team |
| 9:51 | Farm |
| 9:55 | Mortar Team |
| 9:57 | Farm |
| 10:15 | Mortar Team |
| 10:18 | Farm |
| 10:42 | Castle |
| 11:13 | Storm Bolt |
| 11:38 | Scroll of Town Portal |
| 11:42 | Flare |
| 11:44 | Mortar Team |
| 13:38 | Summon Water Elemental |
| 13:42 | Peasant |
| 13:42 | Peasant |
| 13:42 | Peasant |
| 14:04 | Rifleman |
| 16:06 | Town Hall |
| 16:09 | Rifleman |
| 16:29 | Holy Light |
| 17:08 | Rifleman |
| 19:33 | Rifleman |
| 19:36 | Mortar Team |
| 19:36 | Mortar Team |
| 20:04 | Divine Shield |
| 21:38 | Rifleman |
| 21:40 | Divine Shield |
| 22:07 | Scout Tower |
| 22:09 | Peasant |
| 22:15 | Siege Engine |
| 22:16 | Mortar Team |
| Right click | 1443 |
| Select group | 632 |
| Select | 568 |
| Misc. action | 145 |
| Build/train/purchase | 87 |
| Assign group | 75 |
| Use ability | 21 |
| Item give/drop | 1 |
| Esc | 1 |
| Minimap ping | 1 |


| Scroll of Town Portal | 1 | 350 |
| Rod of Necromancy | 1 | 150 |
| total: | 2 | 500g |
| Wisp | 11 | 660 | / | 0 |
| Archer | 6 | 780 | / | 60 |
| Glaive Thrower | 6 | 1260 | / | 390 |
| Druid of the Claw | 6 | 1530 | / | 480 |
| Dryad | 2 | 290 | / | 120 |
| total: | 31 | 4520g | / | 1050w |
| Ancient Protector | 1 | 135 | / | 80 |
| Altar of Elders | 1 | 180 | / | 50 |
| Moon Well | 6 | 1080 | / | 240 |
| Ancient of War | 2 | 300 | / | 120 |
| Hunter's Hall | 1 | 210 | / | 100 |
| Ancient of Wonders | 2 | 180 | / | 60 |
| Ancient of Lore | 2 | 310 | / | 290 |
| Tree of Ages | 1 | 320 | / | 180 |
| Tree of Eternity | 1 | 330 | / | 200 |
| Town Hall | 2 | 770 | / | 410 |
| total: | 17 | 3165g | / | 1350w |
| 0:01 | Wisp |
| 0:01 | Wisp |
| 0:12 | Altar of Elders |
| 0:13 | Moon Well |
| 0:19 | Wisp |
| 0:29 | Wisp |
| 0:45 | Wisp |
| 0:53 | Wisp |
| 1:05 | Wisp |
| 1:05 | Wisp |
| 1:18 | Wisp |
| 1:30 | Ancient of War |
| 1:36 | Wisp |
| 1:36 | Wisp |
| 1:51 | Moon Well |
| 2:36 | Tree of Ages |
| 3:01 | Rain of Fire |
| 3:24 | Archer |
| 3:24 | Archer |
| 3:24 | Archer |
| 3:24 | Archer |
| 3:27 | Moon Well |
| 3:59 | Moon Well |
| 4:27 | Archer |
| 4:41 | Archer |
| 4:45 | Hunter's Hall |
| 4:49 | Ancient of War |
| 4:53 | Ancient of Wonders |
| 6:10 | Glaive Thrower |
| 6:10 | Glaive Thrower |
| 6:31 | Glaive Thrower |
| 6:41 | Ultravision |
| 7:34 | Glaive Thrower |
| 8:37 | Tree of Eternity |
| 8:40 | Ancient of Lore |
| 8:42 | Ancient of Lore |
| 8:46 | Cleaving Attack |
| 8:47 | Rod of Necromancy |
| 9:28 | Ancient of Wonders |
| 9:48 | Pocket Factory |
| 10:37 | Druid of the Claw |
| 10:38 | Druid of the Claw |
| 10:42 | Druid of the Claw Adept Training |
| 11:21 | Rain of Fire |
| 11:29 | Druid of the Claw |
| 11:55 | Moon Well |
| 11:58 | Moon Well |
| 12:02 | Druid of the Claw Master Training |
| 13:21 | Druid of the Claw |
| 13:22 | Druid of the Claw |
| 13:22 | Mark of the Claw |
| 14:07 | Druid of the Claw |
| 14:47 | Scroll of Town Portal |
| 16:28 | Glaive Thrower |
| 16:57 | Glaive Thrower |
| 17:00 | Cleaving Attack |
| 18:45 | Ancient Protector |
| 21:34 | Dryad |
| 21:34 | Dryad |
| 24:47 | Town Hall |
| 26:03 | Town Hall |
| Right click | 1193 |
| Select | 411 |
| Select group | 221 |
| Build/train/purchase | 78 |
| Chat | 78 |
| Misc. action | 75 |
| Assign group | 30 |
| Use ability | 24 |
| Minimap ping | 19 |
| Remove unit | 4 |
| Esc | 4 |
| Resource trade | 4 |
ReadyToBurn
(22:31) : 
| Wisp | 11 | 660 | / | 0 |
| Archer | 6 | 780 | / | 60 |
| Glaive Thrower | 7 | 1470 | / | 455 |
| total: | 24 | 2910g | / | 515w |
| Ancient Protector | 4 | 540 | / | 320 |
| Moon Well | 2 | 360 | / | 80 |
| Altar of Elders | 1 | 180 | / | 50 |
| Ancient of War | 2 | 300 | / | 120 |
| Hunter's Hall | 1 | 210 | / | 100 |
| total: | 10 | 1590g | / | 670w |
| 0:03 | Wisp |
| 0:03 | Wisp |
| 0:08 | Moon Well |
| 0:09 | Altar of Elders |
| 0:18 | Wisp |
| 0:47 | Ancient of War |
| 0:50 | Wisp |
| 0:50 | Wisp |
| 0:59 | Wisp |
| 1:21 | Wisp |
| 1:21 | Wisp |
| 1:34 | Moon Well |
| 1:38 | Wisp |
| 1:51 | Archer |
| 2:18 | Mana Burn |
| 2:32 | Archer |
| 2:34 | Wisp |
| 2:35 | Wisp |
| 2:48 | Hunter's Hall |
| 3:25 | Archer |
| 3:46 | Archer |
| 3:51 | Ancient Protector |
| 3:53 | Ancient of War |
| 4:31 | Archer |
| 4:41 | Ancient Protector |
| 4:45 | Ancient Protector |
| 5:05 | Ancient Protector |
| 5:06 | Archer |
| 5:11 | Glaive Thrower |
| 7:32 | Glaive Thrower |
| 8:49 | Glaive Thrower |
| 8:49 | Glaive Thrower |
| 8:50 | Glaive Thrower |
| 8:50 | Glaive Thrower |
| 8:50 | Glaive Thrower |
| Right click | 885 |
| Select | 462 |
| Build/train/purchase | 54 |
| Chat | 36 |
| Use ability | 34 |
| Misc. action | 27 |
| Resource trade | 20 |
| Assign group | 6 |
| Remove unit | 6 |
| Select group | 6 |
| Minimap ping | 4 |
| Esc | 3 |


| Rod of Necromancy | 1 | 150 |
| Scroll of Town Portal | 1 | 350 |
| total: | 2 | 500g |
| Acolyte | 7 | 525 | / | 0 |
| Ghoul | 2 | 240 | / | 0 |
| Crypt Fiend | 15 | 3225 | / | 600 |
| Obsidian Statue | 3 | 600 | / | 105 |
| total: | 27 | 4590g | / | 705w |
| Spirit Tower | 3 | 435 | / | 120 |
| Nerubian Tower | 1 | 100 | / | 20 |
| Crypt | 1 | 200 | / | 50 |
| Graveyard | 2 | 430 | / | 0 |
| Altar of Darkness | 2 | 360 | / | 100 |
| Ziggurat | 5 | 750 | / | 250 |
| Tomb of Relics | 1 | 130 | / | 30 |
| Necropolis | 2 | 450 | / | 0 |
| Slaughterhouse | 1 | 140 | / | 135 |
| Halls of the Dead | 1 | 320 | / | 210 |
| total: | 14 | 2460g | / | 565w |
| 0:06 | Acolyte |
| 0:06 | Acolyte |
| 0:16 | Crypt |
| 0:22 | Graveyard |
| 0:38 | Altar of Darkness |
| 0:43 | Ziggurat |
| 1:19 | Ghoul |
| 1:20 | Ghoul |
| 1:48 | Spirit Tower |
| 1:50 | Ziggurat |
| 2:04 | Tomb of Relics |
| 2:12 | Crypt Fiend |
| 2:42 | Death Coil |
| 3:28 | Crypt Fiend |
| 3:28 | Crypt Fiend |
| 4:03 | Crypt Fiend |
| 4:05 | Ziggurat |
| 5:16 | Crypt Fiend |
| 5:16 | Crypt Fiend |
| 5:18 | Spirit Tower |
| 6:01 | Nerubian Tower |
| 6:03 | Crypt Fiend |
| 6:04 | Crypt Fiend |
| 6:06 | Rod of Necromancy |
| 8:10 | Acolyte |
| 9:21 | Acolyte |
| 9:33 | Graveyard |
| 9:54 | Necropolis |
| 11:20 | Unholy Aura |
| 11:47 | Crypt Fiend |
| 11:48 | Crypt Fiend |
| 11:49 | Crypt Fiend |
| 11:54 | Halls of the Dead |
| 13:22 | Ziggurat |
| 13:25 | Ziggurat |
| 14:18 | Spirit Tower |
| 15:01 | Altar of Darkness |
| 16:05 | Web |
| 16:06 | Crypt Fiend |
| 16:06 | Crypt Fiend |
| 16:56 | Crypt Fiend |
| 18:38 | Acolyte |
| 18:38 | Acolyte |
| 18:39 | Acolyte |
| 18:40 | Crypt Fiend |
| 18:44 | Slaughterhouse |
| 18:47 | Frost Nova |
| 21:19 | Obsidian Statue |
| 21:19 | Obsidian Statue |
| 21:20 | Obsidian Statue |
| 22:10 | Scroll of Town Portal |
| 22:54 | Necropolis |
| Right click | 1002 |
| Select | 280 |
| Misc. action | 154 |
| Build/train/purchase | 51 |
| Chat | 50 |
| Use ability | 18 |
| Minimap ping | 4 |
| Assign group | 1 |
⇛